Map: Backwater LE

Players

MonkiKing

  • Race: Terran Terran
  • League: Silver
  • Spawn Location: 5:00

Infamous - Winner!

  • Race: Protoss Protoss
  • League: Silver
  • Spawn Location: 11:00

VOD

Have the link to the VOD?

Description

Time

  • Played on: March 20, 2018, 3:01 p.m.
  • Length: 6:58
Show
View Real Time Build Order
Export as new Build Order

MonkiKing Terran 

Build Orders:  

Get SALT Encoding   

  12  0:17  Supply Depot  
  12  0:25  Refinery  
  12  0:34  SCV  
  13  0:41  Barracks  
  13  0:48  SCV  
  14  0:55  Supply Depot  
  14  1:11  Barracks  
  14  1:32  Marine  
  15  1:39  SCV  
  16  1:52  SCV  
  16  1:53  Marine  
  18  1:54  Engineering Bay  
  18  2:02  Factory  
  18  2:10  SCV  
  19  2:19  Barracks Reactor  
  19  2:22  Marine  
  20  2:23  Engineering Bay  
  20  2:28  SCV  
  21  2:41  Barracks Tech Lab  
  21  2:45  SCV  
  21  2:49  Factory Tech Lab  
  23  3:00  Orbital Command  
  23  3:05  Marine x2  
  22  3:06  Marine  
  25  3:17  Cyclone  
  28  3:32  SCV  
  29  3:41  Supply Depot  
  29  3:43  Refinery  
  29  3:44  SCV  
  30  3:56  SCV  
  30  3:58  Missile Turret, Terran Infantry Armor Level 1  
  31  4:16  Marine x2  
  33  4:17  Marine  
  33  4:22  Missile Turret  
  34  4:27  Siege Tank  
  37  4:44  Supply Depot  
  37  4:47  Stimpack  
  37  4:55  Marine x3  
  40  5:11  SCV  
  40  5:13  Marine  
  40  5:14  Marine x2  
  44  5:21  Barracks  
  44  5:35  Marine x2  
  44  5:36  Marine  
  44  5:38  Siege Tank  
  44  5:41  SCV  
  31  6:23  Marine x4  
  31  6:25  Siege Tank  
  31  6:43  Starport  
Show
View Real Time Build Order
Export as new Build Order

Infamous Protoss - Winner!

Build Orders:  

Get SALT Encoding   

  12  0:01  Probe  
  13  0:14  Probe  
  14  0:19  Pylon  
  14  0:26  Probe  
  15  0:38  Probe (Chrono Boost), Gateway  
  16  0:49  Assimilator  
  17  0:50  Probe (Chrono Boost)  
  17  0:55  Probe (Chrono Boost)  
  18  1:05  Probe (Chrono Boost)  
  19  1:17  Probe (Chrono Boost)  
  20  1:27  Probe (Chrono Boost), Pylon  
  21  1:33  Cybernetics Core  
  21  1:38  Probe  
  22  1:40  Pylon  
  22  1:45  Zealot  
  24  1:54  Assimilator  
  24  1:55  Probe  
  25  2:03  Warp Gate (Chrono Boost)  
  25  2:14  Probe  
  25  2:15  Robotics Facility  
  26  2:25  Gateway, Stalker  
  28  2:43  Probe  
  29  2:55  Probe  
  30  2:58  Pylon  
  30  2:59  Stalker  
  30  3:02  Observer  
  30  3:05  Pylon  
  33  3:07  Probe  
  34  3:20  Probe  
  34  3:22  Gateway  
  34  3:26  Immortal  
  39  3:35  Probe  
  39  3:36  Pylon  
  40  3:54  Probe  
  41  3:56  Robotics Bay  
  41  4:03  Gateway  
  41  4:06  Immortal (Chrono Boost)  
  44  4:28  Pylon, Sentry  
  44  4:30  Zealot x2  
  50  4:42  Shield Battery  
  50  4:46  Forge  
  50  4:48  Extended Thermal Lance  
  50  5:06  Sentry  
  52  5:07  Zealot x2  
  52  5:08  Zealot  
  58  5:30  Photon Cannon  
  58  5:35  Disruptor (Chrono Boost)  
  61  6:00  Nexus  
  61  6:02  Pylon  
  45  6:21  Stalker x3  
  45  6:22  Stalker  
Tags
 
Add a new tag
Caveats
  • Supply blocks, unpowered buildings, or Contaminate may cause inaccurate times.
  • Supply counts are checked every 10 seconds.